 Dungeon Crawl Stone Soup version 0.31.0-12-g77e489cdc1 (webtiles) character file.

Game seed: 17719993842067385131

410 Gadfly the Sneak (level 6, -4/30 HPs)
             Began as a Spriggan Enchanter on Feb 17, 2024.
             Was an Initiate of Gozag.
             Killed from afar by Blork the orc (8 damage)
             ... with a magic dart
             ... on level 4 of the Dungeon.
             The game lasted 00:04:49 (3132 turns).

Gadfly the Sneak (Spriggan Enchanter)               Turns: 3132, Time: 00:04:49

Health: -4/30      AC:  3    Str:  4    XL:     6   Next: 58%
Magic:  8/13       EV: 19    Int: 23    God:    Gozag
Gold:   130        SH:  0    Dex: 17    Spells: 8/13 levels left

rFire   . . .        a - +2 dagger (speed)
rCold   . . .        (no shield)
rNeg    . . .        l - +1 robe
rPois   .            (helmet restricted)
rElec   .            d - scarf {repulsion}
rCorr   .            (gloves unavailable)
SInv    +            (boots unavailable)
Will    +....        (no amulet)
Stlth   +++          h - +6 ring of intelligence
HPRegen 0.25/turn    (no ring)
MPRegen 0.13/turn

%: repel missiles
@: gold aura, very quick
A: very small, no large weapons, unfitting armour, see invisible, speed 3
a: Renounce Religion, Potion Petition, Call Merchant, Bribe Branch


You were on level 4 of the Dungeon.
You worshipped Gozag.
Gozag was aware of your devotion.
You visited 2 branches of the dungeon, and saw 5 of its levels.

You collected 191 gold pieces.
You paid 61 gold pieces to Gozag.

Inventory:

Hand Weapons
 a - a +2 dagger of speed (weapon)
 b - a +1 dagger
Armour
 d - a scarf of repulsion (worn)
 l - a +1 robe (worn)
Jewellery
 h - a +6 ring of intelligence (left hand)
Scrolls
 i - a scroll of revelation
 k - a scroll of identify
 m - a scroll of poison
Potions
 c - 2 potions of invisibility
 e - a potion of degeneration {unknown}
 f - a potion of heal wounds
 g - a potion of mutation {unknown}
 j - a potion of curing


   Skills:
 + Level 1.9 Fighting
 + Level 3.0 Short Blades
 + Level 4.2 Dodging
 + Level 5.9 Stealth
 + Level 4.0 Spellcasting
 + Level 4.7 Hexes
 + Level 3.0 Evocations


You had 8 spell levels left.
You knew the following spells:

 Your Spells              Type           Power      Damage    Failure   Level
a - Ensorcelled Hibernat  Hex/Ice        30%        N/A       6%          2
b - Confusing Touch       Hex            26%        N/A       4%          3

Your spell library contained the following spells:

 Spells                   Type           Power      Damage    Failure   Level
 Sigil of Binding         Hex            26%        N/A       4%          3
 Tukima's Dance           Hex            26%        N/A       4%          3
 Apportation              Tloc           8%         N/A       11%         1
 Dazzling Flash           Conj/Hex       30%        N/A       12%         3
 Call Canine Familiar     Summ           4%         N/A       30%         3
 Dimensional Bullseye     Hex/Tloc       7%         N/A       36%         4


Dungeon Overview and Level Annotations

Branches:
Dungeon (4/15)             Temple (1/1) D:4

Altars:
Cheibriados
Elyvilon
Fedhas
Gozag
Kikubaaqudgha
Makhleb
Nemelex Xobeh
Okawaru
Ru
Sif Muna
Uskayaw
Vehumet
Wu Jian
Yredelemnul
Zin
The Shining One

Shops:
D:1 (

Annotations:
D:4 3 runed translucent doors, Blork the orc; Eustachio; rozman's ghost, amateur TrSh


Innate Abilities, Weirdness & Mutations

You are very small and have problems with some larger weapons.
You are too small for most types of armour.
You have supernaturally acute eyesight. (SInv)
You cover ground extremely quickly. (Speed+++)


Message History

You are too injured to fight recklessly!
Unknown command.
The hound is distracted by your dazzling golden aura.
Eustachio casts a spell.
Eustachio blinks!
The hound barks!
Eustachio yells, "Perjured traitor, DIE!"
The bullfrog skeleton is distracted by your dazzling golden aura.
Eustachio casts a spell.
Eustachio blinks!
The bullfrog skeleton is no longer distracted by gold.
Blork the orc looks braver for a moment.
Rozman's ghost turns its malevolent gaze towards you.
You hit the hound.
The hound is heavily wounded.
The hound closely misses you.
Casting: Confusing Touch (dangerous; 4% risk of failure)
Confirm with . or Enter, or press ? or * to list all spells.
Your hands begin to glow red.
The hound bites you but does no damage.
You hit the hound but do no damage.
The hound appears confused.
The hound is heavily wounded.
The hound bites you.
You hit the hound but do no damage. Your punch misses the hound.
The hound is heavily wounded.
You barely miss the hound.
The hound is heavily wounded.
The hound bites you.
You catch the helpless hound completely off-guard!
You impale the hound!!
You kill the hound!
Blork the orc screams, "I'll eat your brain!
And then I'll vomit it back up!"
Blork the orc points at you and mumbles some strange words.
The puff of frost hits you!
* * * LOW HITPOINT WARNING * * *
Your Short Blades skill increases to level 3!
Your Evocations skill increases to level 3!
Blork the orc casts a spell at you. The magic dart hits you!
You die...
Your body crumbles into a pile of gold.

#.?..$..$..##.
...#####.........
[....w............. .
...#####.........@.
..#####..###......... ..
≈≈.........#......... #.
#≈.........#...$§....##.
##≈...>.....#.@..........
#≈≈.....@...#.######## #.
+...####+#.o#$# #.
#≈≈#####......# ####.
#≈..[........# #....
≈##≈....###+++### #.##.
≈≈≈≈....#...Z.WZ# # #..
####....##.....## #...#
#....#.......# #...#
#....##.)?..## .....+


You could see Blork the orc (fast) and a bullfrog zombie.

Vanquished Creatures
  Sigmund (D:2)
  A phantom (D:4)
  An orc priest (D:4)
  A hound (D:4)
  4 adders
  2 ribbon worms
  2 dart slugs (D:4)
  5 orcs
  5 endoplasms
  3 giant cockroaches
  7 goblins
  6 hobgoblins
  2 quokkas (D:1)
  4 ball pythons
  7 bats
  6 frilled lizards
  7 kobolds
  7 rats
71 creatures vanquished.

Notes
Turn   | Place    | Note
-------+----------+-------------------------------------------
     0 | D:1      | Gadfly the Spriggan Enchanter began the quest for the Orb.
     0 | D:1      | Reached XP level 1. HP: 9/9 MP: 5/5
   268 | D:1      | Found Xosar Hude's Weapon Shop.
   478 | D:1      | Reached XP level 2. HP: 10/13 MP: 6/6
   501 | D:1      | Learned a level 2 spell: Ensorcelled Hibernation
   726 | D:1      | Found a faded altar of an unknown god.
   734 | D:1      | Got Plato's Opusculum on the Voyage
  1310 | D:2      | Reached XP level 3. HP: 17/17 MP: 8/8
  1314 | D:2      | Learned a level 3 spell: Confusing Touch
  1358 | D:2      | Reached skill level 1 in Evocations
  1762 | D:2      | Noticed Sigmund
  1775 | D:2      | Killed Sigmund
  1776 | D:2      | Reached skill level 1 in Fighting
  1776 | D:2      | Reached skill level 5 in Stealth
  1776 | D:2      | Reached XP level 4. HP: 22/22 MP: 3/10
  1776 | D:2      | Reached XP level 5. HP: 25/25 MP: 3/11
  2407 | D:3      | Found a sacrificial altar of Ru.
  2416 | D:3      | Found a blossoming altar of Fedhas.
  2794 | D:4      | Found a staircase to the Ecumenical Temple.
  2807 | Temple   | Entered the Ecumenical Temple
  2828 | Temple   | Became a worshipper of Gozag Ym Sagoz the Greedy
  2889 | D:4      | Noticed Eustachio
  3011 | D:4      | Reached XP level 6. HP: 30/30 MP: 9/12
  3085 | D:4      | Found a runed translucent gate.
  3085 | D:4      | Found a runed translucent gate.
  3085 | D:4      | Found a runed translucent gate.
  3086 | D:4      | Noticed rozman's ghost (amateur TrSh)
  3099 | D:4      | Noticed Blork the orc
  3132 | D:4      | Killed from afar by Blork the orc

Illustrated notes

Levels and vault maps discovered:
D:1:      heliophobic_arrival_battle_scene, layout_loops_corners,
          shapermc_ecumenical_altar_rom_forum, serial_shops, shop,
          chequers_serial_rivers_marsh, nrook_mini_vaults, minmay_fountain_box
D:2:      layout_basic, minmay_indecisive_spiral, uniq_sigmund
D:3:      layout_loops_cross, fedhas_altar_3,
          mainiacjoe_overflow_small_starburst
D:4:      layout_basic, minmay_temple_entry_mini_moons,
          gammafunk_ghost_necromancy, hangedman_abyss_or_decor_lesser_grid,
          lightli_minifort, uniq_eustachio, uniq_blork_the_orc
Temple:   dpeg_chambers_temple

Skill      XL: |  1  2  3  4  5  6 |
---------------+-------------------+-----
Spellcasting   | 3 4 |  4.0
Dodging        | 3 4 |  4.2
Evocations     | 2 3 |  3.0
Hexes          | 4 |  4.7
Fighting       | 1 |  1.9
Short Blades   | 2 3 |  3.0
Stealth        | 5 |  5.9

Action                     |  1- 3 |  4- 6 || total
---------------------------+-------+-------++-------
  Melee: Dagger            |   114 |    60 ||   174
   Cast: Ensorcelled Hiber |     9 |    12 ||    21
         Confusing Touch   |     1 |     2 ||     3
    Use: Scroll            |     2 |     7 ||     9
   Stab: Sleeping          |    18 |    20 ||    38
         Confused          |     1 |     3 ||     4
         Distracted        |       |     1 ||     1
 Armour: Robe              |    23 |    16 ||    39
  Dodge: Dodged            |    62 |    26 ||    88
